[Event "*** SCC Grand Prix: Titled Tuesday Blitz"]
[Site "Chess.com"]
[Date "2020.09.29"]
[Round "4"]
[White "leoduarte"]
[Black "fabianvivasz"]
[Result "0-1"]
[WhiteElo "2293"]
[BlackElo "2444"]
[TimeControl "180+1"]
[EndTime "10:40:08 PDT"]
[Termination "fabianvivasz won on time"]

1. e4 e5 2. Nf3 Nc6 3. Bc4 Nf6 4. d3 Bc5 5. O-O O-O 6. Bb3 d5 7. exd5 Nxd5 8. Re1 Bg4 9. Nbd2 Nf4 10. Ne4 Bd6 11. h3 Bh5 12. Bxf4 exf4 13. Nxd6 Qxd6 14. c3 Ne5 15. Rxe5 Bxf3 16. Qe1 Qg6 17. Qf1 Rad8 18. d4 Kh8 19. Rae1 f6 20. Re7 c5 21. Kh1 Bc6 22. dxc5 Qh5 23. f3 Qxc5 24. Qc4 Qxc4 25. Bxc4 Rd2 26.
R7e2 Rfd8 27. Rxd2 Rxd2 28. Re2 Rxe2 29. Bxe2 Kg8 30.
Kg1 Kf7 31. Kf2 Ke6 32. Bd3 h6 33. Ke2 Ke5 34. a3 g5 35. Kd2 f5 36. Be2 h5 37.
Ke1 a5 38. Kf2 Kd5 39. Ke1 Kc5 40. b4+ axb4 41. axb4+ Kd5 42. Kf2 Ke5 43. Ke1 Ba4 44. Kf2 Bb3 45. Ke1 Kd5 46. Kf2 Bc4 47. Bd1 b5 48. Bc2 Ke5 49. Bd1 Bd3 50. Bb3 g4 51. Bf7 g3+ 52. Ke1 h4 53. Bb3 Bc4 54. Bd1 Bd3 55.
Kd2 Bf1 56. Be2 Bxg2 57. Bxb5 Bxf3 58. Bf1 g2 59. Bxg2 Bxg2 0-1

[Event "*** SCC Grand Prix: Titled Tuesday Blitz"]
[Site "Chess.com"]
[Date "2020.09.29"]
[Round "4"]
[White "Margarita2907"]
[Black "lider34"]
[Result "0-1"]
[WhiteElo "2188"]
[BlackElo "2396"]
[TimeControl "180+1"]
[EndTime "10:40:10 PDT"]
[Termination "lider34 won on time"]

1. e4 c6 2. d4 d5 3. e5 Bf5 4. Nd2 e6 5. Nb3 Nd7 6. Be2 Ne7 7.
Nf3 Bg6 8. O-O Nf5 9. a4 Be7 10. a5 O-O 11. h3 Rc8 12. Bf4 c5 13. c3 cxd4 14. cxd4 Nh4 15. Rc1 Nxf3+ 16. Bxf3 Rxc1 17. Qxc1 Qc8 18. Qxc8 Rxc8 19. Rc1 Rxc1+ 20. Bxc1 f6 21.
exf6 gxf6 22. Kf1 Bc2 23. Nd2 Bb4 24. a6 bxa6 25. Be2 a5 26. Nf3 Kf7 27. Bb5 Nb6 28. Ke2 Nc4 29. Nd2 Nxd2 30. Bxd2 e5 31. Bc6 Ke6 32. Be3 e4 33. Bf4 Bd3+ 34. Kd1 Bd6 35. Be3 f5 36. Bb7 f4 37. Bd2 a4 38. Bc8+ Ke7 39. Bf5 h5 40. Be1 Bf1 41. g3 fxg3 42.
fxg3 e3 43. h4 Kf6 44. Bc8 Bd3 45. Bd7 Bf5 46. Bxa4 Bg4+ 47. Kc2 Bf5+ 48. Kd1 Bg4+ 49. Kc2 e2 50. Bb5 Kf5 51. Kd3 Ke6 52. Ke3 Bc7 53.
Bxe2 Kf5 54. Bxg4+ Kxg4 55. b4 Bxg3 56. Bc3 Bxh4 57. b5 Bg3 58. Ke2 h4 59. Kf1 h3 60.
Kg1 Kf3 61. Kh1 Ke4 0-1

[Event "*** SCC Grand Prix: Titled Tuesday Blitz"]
[Site "Chess.com"]
[Date "2020.09.29"]
[Round "4"]
[White "ChessSkool"]
[Black "NuidisVulko"]
[Result "1/2-1/2"]
[WhiteElo "2692"]
[BlackElo "2504"]
[TimeControl "180+1"]
[EndTime "10:40:12 PDT"]
[Termination "Game drawn by repetition"]

1. c4 Nf6 2. g3 e6 3. Bg2 d5 4. d4 dxc4 5. Nf3 Nc6 6. Qa4 Bb4+ 7. Bd2 Nd5 8. Bxb4 Nxb4 9. O-O O-O 10. a3 Nd5 11.
Qxc4 Na5 12. Qc2 Qe8 13. e4 Nb6 14. Qxc7 Bd7 15. Qc3 Nac4 16. b3 Nd6 17. Nbd2 Rc8 18. Qb2 Bb5 19. Rfc1 Bd3 20. Ne1 Ba6 21. a4 Qd7 22. Rxc8 Nbxc8 23. Rc1 Ne7 24. Nc2 b6 25. Ne3 h5 26. h4 Rd8 27. d5 exd5 28. exd5 Bb7 29.
Ndc4 Nxc4 30. bxc4 Nc8 31. a5 Qc7 32. Rb1 Re8 33.
axb6 axb6 34. Qb5 Re7 35. Nf5 Re2 36. c5 Re5 37. d6 Qd8 38. Bxb7 Rxf5 39. Bxc8 Rxc5 40.
Qxb6 Rxc8 41. Qxd8+ Rxd8 42. Rd1 f6 43. Kg2 Kf7 44. Kf3 Ke6 45. Ke4 g6 46. Kf4 Rxd6 47. Re1+ Kf7 48. Ra1 Rd4+ 49. Ke3 Rd7 50. Ra6 Re7+ 51. Kf4 Rd7 52. Kf3 Re7 53. Rb6 g5 54. hxg5 fxg5 55. Rh6 g4+ 56. Kf4 Re2 57. Rxh5 Rxf2+ 58.
Kxg4 Rb2 59. Rf5+ Kg6 60. Rf4 Rb5 61. Ra4 Rc5 62. Kf4 Rb5 63. g4 Rc5 64. Ra6+ Kg7 65. g5 Rc1 66. Ra3 Rf1+ 67. Kg4 Rg1+ 68. Kf5 Rf1+ 69.
Kg4 Rg1+ 70. Kf4 Rf1+ 71. Kg3 Rg1+ 72. Kh4 Rh1+ 73. Kg4 Rg1+ 1/2-1/2

[Event "*** SCC Grand Prix: Titled Tuesday Blitz"]
[Site "Chess.com"]
[Date "2020.09.29"]
[Round "4"]
[White "chesslh19"]
[Black "novocane"]
[Result "0-1"]
[WhiteElo "2191"]
[BlackElo "2303"]
[TimeControl "180+1"]
[EndTime "10:40:12 PDT"]
[Termination "novocane won by resignation"]

1. e4 c5 2. Nf3 Nc6 3. d4 cxd4 4. Nxd4 e5 5. Nb5 d6 6. N1c3 a6 7. Na3 Be7 8. Nd5 Nf6 9. Nxf6+ Bxf6 10. Nc4 O-O 11.
Qxd6 Qxd6 12. Nxd6 Nb4 13. Bd3 Rd8 14. Nxc8 Raxc8 15. O-O Nxc2 16. Bxc2 Rxc2 17. Rb1 h6 18. Be3 Bg5 19. Rfc1 Rxc1+ 20. Rxc1 Bxe3 21. fxe3 Rd2 22. Rc8+ Kh7 23. Rc7 Rxb2 24. Rxf7 b5 25. Rf2 Rb1+ 26. Rf1 Rb4 27. Rc1 Rxe4 28. Kf2 Ra4 29. Rc2 Kg6 30. Kf3 Kf5 31. Rd2 e4+ 32. Ke2 Ke6 33. Kd1 Ra3 34.
Ke2 a5 35. Kf2 b4 36. g4 g5 37. Ke2 Ke5 38. Kf2 a4 39. h3 b3 40. axb3 Rxb3 41.
Ra2 a3 42. Kg3 Rxe3+ 43. Kg2 Rb3 44. Ra1 Rb2+ 45. Kg3 a2 46. h4 gxh4+ 47. Kxh4 e3 48. Kg3 Ke4 49. Kh4 Kf3 50. Kh5 Rh2+ 51. Kg6 e2 52. Rxa2 e1=Q 53. Rxh2 Qe4+ 54. Kg7 Qxg4+ 55. Kxh6 Qf4+ 56. Kh5 Qxh2+ 57. Kg6 Qg3+ 58. Kf5 Qg4+ 59.
Ke5 Ke3 60. Kd6 Qg5 61. Ke6 Ke4 62. Kd6 Qg6+ 63. Ke7 Ke5 0-1

[Event "*** SCC Grand Prix: Titled Tuesday Blitz"]
[Site "Chess.com"]
[Date "2020.09.29"]
[Round "4"]
[White "BAS8892"]
[Black "amiralfio"]
[Result "1-0"]
[WhiteElo "2672"]
[BlackElo "2462"]
[TimeControl "180+1"]
[EndTime "10:40:13 PDT"]
[Termination "BAS8892 won by resignation"]

1. d4 d5 2. Bf4 Nf6 3. e3 e6 4.
Nd2 Bd6 5. Bg3 O-O 6. Bd3 c5 7. c3 Qc7 8. f4 Nc6 9. Ngf3 Ne7 10. Ne5 b6 11. Qe2 Bb7 12. O-O Ne4 13. Nxe4 dxe4 14. Bc4 Bd5 15. Ba6 Bb7 16. Bc4 a6 17. a4 Rac8 18.
Bxa6 f6 19. Bxb7 Qxb7 20. Nc4 Bb8 21. a5 cxd4 22. exd4 Qa6 23. b3 b5 24. Nb6 Rxc3 25. Qxe4 Kh8 26. Qxe6 Nc6 27. d5 Nd4 28. Qe7 Rg8 29.
b4 Nf5 30. Qe6 Nxg3 31. hxg3 Rxg3 32. d6 Qb7 33. Rf2 Rd3 34. d7 Ba7 35. Re1 h6 36.
Qf5 Rd6 37. Qxb5 Bxb6 38. axb6 Qxd7 39. Qxd7 Rxd7 40. Re6 Rb8 41. Rc2 Rd4 42. b5 Rd5 43.
Rb2 Rb7 44. Rc6 Kh7 45. Kf2 Rd4 46. Ke3 Rd5 47. Ke4 Rdd7 48. Rc7 Rdxc7 49. bxc7 Rxc7 50. b6 Rb7 51. Kd5 Kg6 52. Kc6 Rb8 53. g4 h5 54.
gxh5+ Kxh5 55. f5 Kg5 56. Kc7 Rf8 57. Rb5 g6 58. fxg6+ Kxg6 59. b7 f5 60. Rd5 Rf7+ 61. Rd7 1-0

[Event "*** SCC Grand Prix: Titled Tuesday Blitz"]
[Site "Chess.com"]
[Date "2020.09.29"]
[Round "4"]
[White "GelmanAlexander"]
[Black "Anton_Demchenko"]
[Result "1/2-1/2"]
[WhiteElo "2539"]
[BlackElo "2817"]
[TimeControl "180+1"]
[EndTime "10:40:14 PDT"]
[Termination "Game drawn by repetition"]

1. d4 Nf6 2. Nc3 d5 3. Bf4 c5 4. e3 cxd4 5. exd4 a6 6. Nf3 Nc6 7. Ne5 Bd7 8. Qd3 Rc8 9. Be2 e6 10. O-O Nxe5 11. dxe5 Ng8 12. Rad1 Ne7 13. h4 Ng6 14.
Bg5 Be7 15. f4 Qb6+ 16. Kh1 Bxg5 17. fxg5 Nxh4 18. Bh5 O-O 19. Qh3 Nf5 20. Bg4 Ne3 21. Nxd5 Nxd5 22. Rxd5 exd5 23. Bxd7 Rcd8 24. e6 fxe6 25.
Bxe6+ Kh8 26. Rd1 d4 27. g6 h6 28. Bf7 Qf6 29. Qg4 Rd6 30. Rd3 Rc6 31. Rf3 Qe5 32. Rf5 Qe1+ 33. Kh2 Qe7 34. Qxd4 Qc7+ 35.
Kh3 Rxc2 36. Rd5 Qc8+ 37. g4 Rc1 38. Rd7 Qc2 39. Rd8 Rh1+ 40. Kg3 Qh2+ 41. Kf3 Rf1+ 42.
Ke4 Qg2+ 43. Ke5 Re1+ 44. Kf5 Rf1+ 45. Ke6 Qe2+ 46. Kd7 Rxd8+ 47. Kxd8 Re1 48. Qd6 Rd1 49. Bd5 Qf2 50. Kc7 Qf6 51. Qd7 Qf8 52. Kxb7 Rc1 53. Kxa6 Rb1 54. b3 Rd1 55. a4 Qb8 56. Qf7 Rc1 57. Bc4 Re1 58. a5 Re8 59. Qd7 Rd8 60. Qc6 Rd6 61. Qb6 Rxb6+ 62. axb6 Qa8+ 63. Kb5 Qb7 64. Ka5 Qa8+ 65. Kb5 Qb7 66. Ka5 Qc6 67. Ka6 Qa8+ 68.
Kb5 1/2-1/2

[Event "*** SCC Grand Prix: Titled Tuesday Blitz"]
[Site "Chess.com"]
[Date "2020.09.29"]
[Round "4"]
[White "Harsha_Bharathakoti"]
[Black "Rytenko_V"]
[Result "1-0"]
[WhiteElo "2752"]
[BlackElo "2511"]
[TimeControl "180+1"]
[EndTime "10:40:15 PDT"]
[Termination "Harsha_Bharathakoti won by resignation"]

1. d4 Nf6 2. c4 c5 3. d5 b5 4. cxb5 a6 5. e3 axb5 6. Bxb5 Qa5+ 7. Nc3 Ne4 8. Ne2 g6 9. O-O Nxc3 10. Nxc3 Bg7 11. a4 O-O 12. e4 d6 13. Bg5 Ra7 14.
Qd2 Ba6 15. Ra3 Qb4 16. Bxa6 Nxa6 17. Nb5 Qxd2 18. Bxd2 Raa8 19. Bc3 Rfb8 20. f4 Nb4 21.
Bxg7 Kxg7 22. Rc1 Ra5 23. Kf2 Rba8 24. e5 Rxa4 25. exd6 Rxa3 26. bxa3 Nd3+ 27. Kf1 Nxc1 28. dxe7 Kf6 29. Nc7 Kxe7 30. Nxa8 Kd6 31. Nb6 Nd3 32. g3 Nb2 33. Ke2 c4 34. Kd2 Kc5 35. Nd7+ Kxd5 36.
Nf6+ Kd4 37. Kc2 Nd3 38. Nxh7 c3 39. Ng5 f6 40. Nf3+ Ke4 41. Kxc3 Nc5 42. Nd2+ Ke3 43. Nc4+ Kf2 44. Kd4 Nb3+ 45. Kc3 Nc5 46. Kd4 Nb3+ 47. Kd5 Kg2 48. g4 Kxh2 49. f5 gxf5 50. gxf5 Kg3 51. Ke6 Kg4 52. Kxf6 Nd4 53. Nd6 Kf4 54.
a4 Nc6 55. Ke6 Kg5 56. f6 Kg6 57. f7 Kg7 58. Kd5 Nb8 59. a5 Kf8 60. Kc5 Ke7 61.
Kb6 Nd7+ 62. Kc7 Nc5 63. Kc6 Na6 64. Kb6 Nb8 65. a6 Nd7+ 66. Kb5 Kxd6 67. a7 1-0

[Event "*** SCC Grand Prix: Titled Tuesday Blitz"]
[Site "Chess.com"]
[Date "2020.09.29"]
[Round "4"]
[White "GregShahade"]
[Black "gui_borba"]
[Result "1-0"]
[WhiteElo "2621"]
[BlackElo "2428"]
[TimeControl "180+1"]
[EndTime "10:40:18 PDT"]
[Termination "GregShahade won by checkmate"]

1. e4 c6 2. Nc3 d5 3. Nf3 dxe4 4.
Nxe4 Nf6 5. Qe2 Nxe4 6. Qxe4 Qd5 7. Qf4 Qf5 8. Qe3 Qe6 9. b3 Qxe3+ 10. fxe3 f6 11.
Bb2 e5 12. O-O-O Be6 13. Rg1 Nd7 14. g4 a5 15. a4 Nc5 16. d4 exd4 17. exd4 Nd7 18.
Re1 Kf7 19. g5 Bb4 20. c3 Bd6 21. gxf6 gxf6 22. Bd3 Bxb3 23. c4 Bxa4 24. Ref1 Bf4+ 25. Kb1 Rag8 26. Rxg8 Rxg8 27. Bxh7 Rh8 28. Bf5 Nf8 29. d5 cxd5 30. cxd5 Bd7 31. Bc2 Ng6 32. h4 Nxh4 33. Ne1 Bg5 34. Nd3 Bf5 35. Ne5+ fxe5 36. Bxf5 Bf4 37.
Be6+ Ke7 38. Rxf4 exf4 39. Bxh8 f3 40. Bd4 Ng2 41. Bg4 Nf4 42. Bxf3 Kd6 43. Bb6 Nxd5 44. Bxa5 Kc5 45. Bd2 b5 46. Kc2 b4 47. Kb3 Nc3 48. Be3+ Kb5 49. Bg2 Ka5 50. Bf1 Nb5 51. Bc5 Nc3 52.
Bxb4+ Kb6 53. Kxc3 Kc6 54. Kd4 Kb6 55. Bc4 Kc7 56. Kd5 Kb7 57. Bb5 Kb6 58. Kc4 Kb7 59. Bc5 Kc7 60. Kd5 Kb7 61. Kd6 Kb8 62. Kd7 Kb7 63. Kd6 Kb8 64. Kc6 Ka8 65. Bb6 Kb8 66. Bc4 Ka8 67. Bd5 Kb8 68. Be4 Kc8 69. Bf5+ Kb8 70.
Be6 Ka8 71. Be3 Kb8 72. Kb6 Ka8 73. Bf2 Kb8 74. Bg3+ Ka8 75. Bd5# 1-0

[Event "*** SCC Grand Prix: Titled Tuesday Blitz"]
[Site "Chess.com"]
[Date "2020.09.29"]
[Round "4"]
[White "guillembaches"]
[Black "Srisshhhtea"]
[Result "0-1"]
[WhiteElo "2413"]
[BlackElo "2290"]
[TimeControl "180+1"]
[EndTime "10:40:21 PDT"]
[Termination "Srisshhhtea won on time"]

1. e4 c6 2. c4 d5 3. exd5 cxd5 4. cxd5 Nf6 5. Nc3 Nxd5 6. Nf3 Nc6 7. Bb5 e6 8. O-O Be7 9. d4 O-O 10. Re1 Bf6 11. a3 Bd7 12. Qd3 Rc8 13. Bc4 Nce7 14. Bb3 Bc6 15. Ne5 Bxe5 16. Rxe5 Ng6 17. Rh5 Nxc3 18.
bxc3 Qb6 19. Bc2 Qa6 20. c4 Ba4 21. Bxa4 Qxa4 22. c5 Rfd8 23. Be3 Qc6 24. h3 Rd5 25. Rxd5 Qxd5 26. Rb1 Rd8 27. Qb3 Rd7 28. Qxd5 exd5 29. Kf1 f6 30. Ke2 Kf7 31. Kd3 Ne7 32. g4 Nc6 33. f3 Ke6 34. Bf2 Kf7 35. Re1 Re7 36. Rb1 Nd8 37. Bg3 Kg6 38. Bd6 Rd7 39. Re1 Kf7 40. Bb8 Nc6 41. Bd6 Nd8 42. Rb1 h6 43. a4 Ne6 44. Bg3 Ng5 45. Ke2 Nxh3 46. f4 g5 47. f5 Re7+ 48. Kf3 Kg7 49. a5 a6 50. Rb5 Ng1+ 51. Kg2 axb5 52. Kxg1 Re3 53.
Kf2 Ra3 54. Bc7 b4 55. Ke2 b3 56. Kd2 h5 57. gxh5 g4 58. Kc3 g3 59. Bxg3 b2+ 60. Kxb2 Rxg3 61. c6 bxc6 62. a6 Kh6 63. a7 Rg8 0-1

[Event "*** SCC Grand Prix: Titled Tuesday Blitz"]
[Site "Chess.com"]
[Date "2020.09.29"]
[Round "4"]
[White "Zarinur"]
[Black "Ural_bogatyr"]
[Result "1-0"]
[WhiteElo "2202"]
[BlackElo "2375"]
[TimeControl "180+1"]
[EndTime "10:40:21 PDT"]
[Termination "Zarinur won on time"]

1. e4 e5 2. Nf3 Nc6 3. Nc3 Nf6 4. Bb5 Bb4 5. O-O O-O 6. d3 d6 7. Bg5 Ne7 8. Nh4 Ng6 9. Nxg6 fxg6 10. f4 c6 11.
Bc4+ Kh8 12. fxe5 dxe5 13. Bxf6 gxf6 14. Ne2 Qd6 15. c3 Ba5 16. Rf3 Kg7 17. h3 Be6 18. Bxe6 Qxe6 19. Qb3 Qxb3 20. axb3 Bb6+ 21. Kh2 a5 22. Ng3 Rad8 23. Nf1 Bc7 24. Nd2 b5 25. Raf1 Rd6 26. g4 h6 27. h4 Rd7 28. Kh3 Bd8 29. R1f2 Be7 30. Nf1 Rfd8 31. Rd2 Kf7 32. g5 hxg5 33.
hxg5 Ke6 34. gxf6 Bxf6 35. Nh2 Bg5 36. Rd1 Rh8+ 37. Kg2 Bf4 38. Ng4 Rh4 39. Nf2 Rdh7 40. Rh1 g5 41. Rxh4 Rxh4 42. Rh3 Rxh3 43. Kxh3 Bc1 44. Nd1 c5 45. Kg4 a4 46. bxa4 bxa4 47. c4 Kd6 48. Kf5 a3 49. bxa3 Bxa3 50. Kxg5 Bc1+ 51.
Kf5 Bh6 52. Nc3 Bg7 53. Nb5+ Kc6 54. Ke6 Bh8 55. Nc3 Bg7 56. Nd5 Bh8 57. Ne3 Kb6 58.
Kd5 Bg7 59. Ng4 Ka5 60. Nxe5 Kb4 61. Nd7 Kc3 62. Nxc5 Bd4 63. e5 1-0

[Event "*** SCC Grand Prix: Titled Tuesday Blitz"]
[Site "Chess.com"]
[Date "2020.09.29"]
[Round "4"]
[White "Kildepiotr"]
[Black "Snegokhod"]
[Result "1-0"]
[WhiteElo "2555"]
[BlackElo "2403"]
[TimeControl "180+1"]
[EndTime "10:40:23 PDT"]
[Termination "Kildepiotr won on time"]

1. Nf3 Nf6 2. g3 g6 3. Bg2 Bg7 4. O-O O-O 5. d4 d5 6. c4 c6 7. Nc3 dxc4 8. a4 a5 9. e3 Na6 10. Ne5 Be6 11. Qe2 Nd5 12. Nxc4 Nxc3 13. bxc3 Bd5 14. e4 Be6 15. Rd1 f5 16. Rb1 Rb8 17.
d5 cxd5 18. exd5 Bd7 19. Nb6 Nc5 20. Bf4 Bxa4 21. Nxa4 Nxa4 22. Bxb8 Qxb8 23. Qxe7 Rf7 24. Qe6 Nxc3 25. d6 Nxd1 26. Rxb7 Qxb7 27. Bxb7 Nc3 28. Bd5 Nxd5 29. Qxd5 Bf6 30. Qxa5 Rd7 31. Qc7 Rd8 32. Kg2 Rf8 33. Qd7 Rf7 34. Qe8+ Kg7 35. Kf3 Rf8 36. Qd7+ Rf7 37. Qe6 Bd8 38. h3 Kf8 39. Kg2 Rf6 40. Qd5 Ke8 41. Qc6+ Kf8 42. f4 Rf7 43. Kf3 Kg7 44. Qc3+ Bf6 45. Qc8 Rf8 46. Qd7+ Rf7 47. Qe6 Rf8 48. g4 fxg4+ 49. hxg4 g5 50. f5 Rf7 51. Ke4 Rf8 52. d7 Bd8 53.
Kd5 Rf7 54. Qe8 Rf8 55. Qe5+ Bf6 56. Qe6 Bd8 57. Qc6 Rf7 58. Qc8 Rf8 59. Qb7 Rf6 60. Qb8 Rf8 61. Qb2+ Bf6 62. Qd2 Bd8 63. Kc6 Rf6+ 64.
Kb7 h6 65. Qd4 Kg8 66. Qd5+ Kg7 67. Qe5 Kf7 68. Qe8+ Kg7 69. Qxd8 Rf7 70. Qe8 1-0

[Event "*** SCC Grand Prix: Titled Tuesday Blitz"]
[Site "Chess.com"]
[Date "2020.09.29"]
[Round "4"]
[White "Ziachess74"]
[Black "M1711"]
[Result "0-1"]
[WhiteElo "2645"]
[BlackElo "2475"]
[TimeControl "180+1"]
[EndTime "10:40:25 PDT"]
[Termination "M1711 won by resignation"]

1. d4 Nf6 2. c4 c5 3. d5 e6 4.
Nc3 exd5 5. cxd5 d6 6. Nf3 g6 7. g3 Bg7 8. Bg2 O-O 9. O-O a6 10. a4 Re8 11. Re1 Ne4 12. Nxe4 Rxe4 13. Qc2 Rb4 14.
e4 Nd7 15. Ra2 Ne5 16. Nxe5 Bxe5 17. Bd2 a5 18. Bf1 Bd7 19. Bxb4 axb4 20. b3 Bd4 21.
Rd1 Qf6 22. Qc4 b5 23. Qe2 bxa4 24. Kg2 Re8 25. bxa4 b3 26. Ra3 Rxe4 27. Qf3 Qe7 28. Rxb3 Bg4 29. Rb8+ Kg7 30. Qb3 Bxd1 31. Qxd1 Re5 32.
Bc4 Rf5 33. f3 Qe3 34. Qf1 h5 35. Rb3 Qd2+ 36. Qe2 Qc1 37. Qf1 Qg5 38. h4 Qe7 39. a5 Re5 40. Rb1 Re3 41. a6 Qc7 42. Re1 Qa5 43.
Rxe3 Bxe3 44. Qe2 Bd4 45. g4 hxg4 46. fxg4 Be5 47. h5 Qa3 48. Bd3 Qa4 49. hxg6 fxg6 50. Qe4 Qa2+ 51. Kf3 Bd4 52. Qxg6+ Kf8 53. Qxd6+ Kg7 54.
Qe6 Qf2+ 55. Ke4 Qe3+ 56. Kf5 Qf2+ 57. Kg5 Be3+ 58. Qxe3 Qxe3+ 59. Kf5 Qxd3+ 60. Ke6 Qxa6+ 61. d6 c4 62. Ke7 Qa3 0-1

[Event "*** SCC Grand Prix: Titled Tuesday Blitz"]
[Site "Chess.com"]
[Date "2020.09.29"]
[Round "4"]
[White "kagg1125"]
[Black "barbara25"]
[Result "1/2-1/2"]
[WhiteElo "2540"]
[BlackElo "2349"]
[TimeControl "180+1"]
[EndTime "10:40:26 PDT"]
[Termination "Game drawn - insufficient material"]

1. e4 c5 2. Nf3 d6 3. Bb5+ Nd7 4. O-O a6 5. Bd3 Ngf6 6. c3 e5 7. Bc2 Be7 8. d4 O-O 9. a4 Rb8 10. Na3 b5 11. axb5 axb5 12. b4 cxd4 13. cxd4 h6 14. d5 Ba6 15. Bd3 Nb6 16. Be3 Nc4 17. Nxc4 bxc4 18.
Rxa6 cxd3 19. Qxd3 Rxb4 20. Nd2 Nh5 21. Rc1 Bg5 22. Qa3 Qb8 23. g3 Bxe3 24. Qxe3 Nf6 25. Rcc6 Rd4 26. Rc4 Rxc4 27. Nxc4 Qb1+ 28. Kg2 Nxe4 29.
Nxd6 Nxd6 30. Rxd6 Qb2 31. Rd7 f5 32. Re7 e4 33. d6 Qf6 34. Qb3+ Kh7 35. Re6 Qd4 36. Qe3 Qd5 37. Re7 Qxd6 38. Qa7 Qf6 39. Qc7 f4 40. Qxf4 Qxf4 41. gxf4 Rxf4 42. Kg3 Rf3+ 43. Kg2 Rf6 44. Rxe4 g5 45. Rg4 Kg6 46. Rg3 h5 47. Rf3 Rb6 48. Re3 g4 49. h3 Kg5 50. hxg4 hxg4 51. Re5+ Kf4 52. Re8 Rf6 53. Ra8 Rf5 54. Ra4+ Kg5 55. Kg3 Rf3+ 56. Kg2 Rb3 57. Ra5+ Kh4 58. Ra4 Kg5 59.
Rc4 Kh4 60. Rc8 Kg5 61. Rh8 Kf4 62. Rg8 Kf5 63. Kf1 Kf4 64. Ke2 Rb2+ 65. Kf1 Rb4 66. Rf8+ Kg5 67. Kg2 Rb3 68. Rf7 Rb4 69. Kg3 Rb3+ 70. f3 Rxf3+ 71. Rxf3 gxf3 72. Kxf3 1/2-1/2

[Event "*** SCC Grand Prix: Titled Tuesday Blitz"]
[Site "Chess.com"]
[Date "2020.09.29"]
[Round "4"]
[White "kobemagic"]
[Black "Herracek"]
[Result "1/2-1/2"]
[WhiteElo "2424"]
[BlackElo "2629"]
[TimeControl "180+1"]
[EndTime "10:40:28 PDT"]
[Termination "Game drawn by stalemate"]

1. c4 c5 2. g3 Nc6 3. Bg2 g6 4.
Nc3 Bg7 5. a3 d6 6. Rb1 h5 7. h4 Nh6 8. Nh3 O-O 9. d3 Nf5 10. Nf4 Qd7 11. Bd2 a5 12. O-O Rb8 13. Nfd5 e6 14. Nb6 Qd8 15. Nxc8 Qxc8 16. Ne4 Rd8 17.
Bc3 Ne5 18. Ng5 b6 19. Qd2 Nd4 20. b4 axb4 21. axb4 Ng4 22. e3 Ne2+ 23. Qxe2 Bxc3 24. bxc5 bxc5 25. Rxb8 Qxb8 26. Qf3 Ne5 27. Qf4 Qc7 28. d4 cxd4 29. exd4 Nd3 30. Qf3 Bxd4 31. Qxd3 Bf6 32.
Ne4 Bg7 33. Rd1 d5 34. Ng5 d4 35. Rb1 Rb8 36. Rxb8+ Qxb8 37. c5 Qb4 38. c6 Be5 39.
Ne4 Qe1+ 40. Bf1 Kg7 41. Nc5 Qc1 42. Nd7 f6 43. Nxe5 fxe5 44. Qb5 Kf6 45. Qb7 e4 46. c7 e3 47. c8=Q exf2+ 48. Kg2 Qxc8 49. Qf3+ Ke5 50. Qf4+ Kd5 51. Qxf2 Qc3 52. Qf3+ Qxf3+ 53. Kxf3 Kc5 54.
Ke4 e5 55. Bd3 Kd6 56. Bc2 Ke6 57. Bb3+ Kf6 58. Bc4 g5 59. Be2 gxh4 60. gxh4 Kg6 61. Kxe5 d3 62. Bxd3+ Kh6 63. Kf5 Kg7 64. Kg5 Kh8 65.
Kxh5 Kg8 66. Kh6 Kh8 67. h5 Kg8 68. Kg6 Kh8 69. h6 Kg8 70. h7+ Kh8 71. Kh6 1/2-1/2

[Event "*** SCC Grand Prix: Titled Tuesday Blitz"]
[Site "Chess.com"]
[Date "2020.09.29"]
[Round "4"]
[White "StockholmMissile"]
[Black "IngOscarArdila"]
[Result "0-1"]
[WhiteElo "2383"]
[BlackElo "2164"]
[TimeControl "180+1"]
[EndTime "10:40:29 PDT"]
[Termination "IngOscarArdila won on time"]

1. e4 e5 2. Nf3 Nf6 3. Nc3 Nc6 4. Bb5 Bb4 5. O-O O-O 6. d3 d6 7. Ne2 Nh5 8. Ng3 Nxg3 9. hxg3 a6 10. Bxc6 bxc6 11. Bd2 Bc5 12. Qe2 f5 13. Be3 Bb6 14. Bxb6 cxb6 15. exf5 Bxf5 16. d4 e4 17. Nh4 d5 18.
Nxf5 Rxf5 19. c4 Qf6 20. cxd5 cxd5 21. Qe3 Rf8 22. Rac1 h5 23. Rc7 a5 24. Rc2 Kh7 25.
a3 Kg8 26. Rd2 Kh7 27. Rc1 Kg8 28. Rc7 Kh8 29. Qe2 h4 30. Qg4 hxg3 31. Qxg3 Qh6 32. Rdc2 Rh5 33. Kf1 e3 34. f3 Rg5 35. Qh3 Qxh3 36.
gxh3 Rxf3+ 37. Ke2 Rxh3 38. Rc1 Rg2+ 39. Kd3 Rd2+ 40.
Kc3 Rhh2 41. b4 axb4+ 42. axb4 Rdg2 43. Re7 e2 44. Re1 Rh3+ 45. Kc2 Ra3 46. Kb2 Rd3 47. R7xe2 Rxe2+ 48. Rxe2 Rxd4 49. Kb3 g5 50. Re6 Kg7 51. Rxb6 g4 52. Ra6 g3 53. Ra2 Rg4 54. Rg2 Kf6 55.
Ka4 Ke5 56. Kb5 Ke4 57. Kc5 d4 58. Rg1 d3 59. b5 Kf3 60. b6 Kf2 61. Rd1 g2 62. b7 Rg8 63. Rd2+ Kf1 64. Rd1+ Ke2 65. Rg1 Kf2 66. Rd1 Rd8 67. Rxd3 Rxd3 68. b8=Q g1=Q 69. Qf4+ Rf3 70. Qc4 Kg2+ 71. Kb5 Qf1 0-1

[Event "*** SCC Grand Prix: Titled Tuesday Blitz"]
[Site "Chess.com"]
[Date "2020.09.29"]
[Round "4"]
[White "chessmaGIA"]
[Black "LubovMarkelova"]
[Result "1-0"]
[WhiteElo "1642"]
[BlackElo "2217"]
[TimeControl "180+1"]
[EndTime "10:40:29 PDT"]
[Termination "chessmaGIA won on time"]

1. d4 d5 2. c4 c6 3. Nc3 Nf6 4. Nf3 e6 5. Bg5 h6 6. Bh4 Nbd7 7. e3 Be7 8. Bd3 O-O 9. O-O b6 10. cxd5 exd5 11. Rc1 Re8 12. Ne2 Bb7 13. Ng3 Ne4 14.
Bxe7 Qxe7 15. Nf5 Qf6 16. Ng3 c5 17. dxc5 Ndxc5 18. Bb1 Qxb2 19. Nd4 Nd2 20. Rc2 Qxb1 21. Qxb1 Nxb1 22. Rxb1 Rac8 23. Rbc1 Ne4 24. Nxe4 dxe4 25. Rxc8 Rxc8 26. Rxc8+ Bxc8 27. Nc6 Be6 28. a3 a5 29. Ne7+ Kf8 30. Nc6 Ke8 31. Kf1 Kd7 32. Ne5+ Kd6 33. f4 f6 34. Ng6 Bf7 35. Nh4 g6 36. Ke2 Kc5 37. f5 g5 38. Ng6 Kc4 39. Nh8 Bg8 40.
Ng6 b5 41. Ne7 Bf7 42. Nc6 a4 43. Nd8 Bg8 44. Ne6 Kb3 45. Nd4+ Kxa3 46. Nxb5+ Kb2 47. Kd2 a3 48. Nxa3 Kb3 49. Nb5 Kc4 50. Nd6+ Kd5 51.
Ne8 Ke5 52. g3 Bf7 53. Ng7 Bd5 54. h4 Bb7 55. Ke2 Bc8 56. hxg5 hxg5 57. g4 Ba6+ 58. Kf2 Bc4 59. Nh5 Bb3 60. Kg3 Bd1 61. Ng7 Bf3 62. Ne8 Be2 63. Nc7 Kd6 64. Ne8+ Ke7 65. Ng7 Kf7 66. Nh5 Bd1 67. Kh3 Be2 68. Ng3 Bf3 69.
Nf1 Ke7 70. Nd2 1-0

[Event "*** SCC Grand Prix: Titled Tuesday Blitz"]
[Site "Chess.com"]
[Date "2020.09.29"]
[Round "4"]
[White "BigAl"]
[Black "DenLaz"]
[Result "0-1"]
[WhiteElo "2516"]
[BlackElo "2815"]
[TimeControl "180+1"]
[EndTime "10:40:30 PDT"]
[Termination "DenLaz won on time"]

1. d4 d5 2. Nf3 Nf6 3. e3 c6 4.
Bd3 Bg4 5. Nbd2 Nbd7 6. h3 Bh5 7.
O-O e5 8. dxe5 Nxe5 9. Be2 Bxf3 10. Nxf3 Bd6 11. b3 Ne4 12. Bb2 Qf6 13. Qc1 O-O-O 14.
Nxe5 Bxe5 15. Bxe5 Qxe5 16. c4 dxc4 17. Bxc4 f5 18.
Qa3 Kb8 19. Rad1 g5 20. Qb4 h5 21. Ba6 Qc7 22. Bd3 Nd6 23. Qc3 h4 24. Be2 g4 25.
Qe5 gxh3 26. gxh3 Rhe8 27. Qh2 Rg8+ 28. Kh1 Ne4 29. Rxd8+ Rxd8 30. Qxc7+ Kxc7 31. Bc4 Rd2 32. Kg2 Rxa2 33. Bd3 Kd6 34. Rd1 Nc3 35. Rc1 Nd5 36. Kf3 Ke5 37. Rg1 Rd2 38. Bb1 Nc3 39. Rc1 Nxb1 40. Rxb1 a5 41. Rc1 Kd5 42. Rc4 Rb2 43. Rd4+ Ke5 44. Rxh4 Rxb3 45. Ra4 b6 46. h4 Rb4 47.
Ra3 Rxh4 48. Kg3 Rb4 49. Ra1 c5 50. Rh1 a4 51. Rh8 a3 52. Re8+ Kd6 53. Ra8 Rb3 54. Kf4 b5 55. Kxf5 b4 56. e4 Rb2 57. f4 a2 58. e5+ Kd5 59. Kf6 b3 60. e6 Re2 61. f5 b2 62. Rxa2 Rxe6+ 63. fxe6 b1=Q 64. Rd2+ Kc6 65. e7 Qf1+ 66. Kg7 Qe1 67. Kf8 Qxd2 68. e8=Q+ Qd7 69. Qe4+ Kb5 70. Qe2+ c4 71. Qe5+ Kb4 72. Qb2+ Kc5 73. Qa3+ Kd5 0-1

[Event "*** SCC Grand Prix: Titled Tuesday Blitz"]
[Site "Chess.com"]
[Date "2020.09.29"]
[Round "4"]
[White "c_r_e_e_p_e_r"]
[Black "ALeks_Ivlev"]
[Result "1-0"]
[WhiteElo "2353"]
[BlackElo "2520"]
[TimeControl "180+1"]
[EndTime "10:40:32 PDT"]
[Termination "c_r_e_e_p_e_r won by checkmate"]

1. e4 c5 2. Nc3 Nc6 3. g3 g6 4. Bg2 Bg7 5. Nge2 d6 6. O-O e6 7. d3 Nge7 8. Be3 Nd4 9. Qd2 O-O 10. Nd1 Nec6 11. f4 b6 12. Nc1 d5 13. c3 dxe4 14.
dxe4 Nb5 15. Qe2 Nc7 16. Nf2 Ba6 17. Ncd3 Qe7 18. e5 Nd5 19. Ne4 Rad8 20. Rfd1 Rd7 21. Qd2 Nxf4 22. Bxf4 Rxd3 23. Qf2 Nxe5 24. Bg5 f6 25.
Bf4 Rxd1+ 26. Rxd1 Nd3 27. Qe2 Nxf4 28. Qxa6 Nxg2 29. Kxg2 f5 30. Nd6 Rd8 31. Nc8 Qe8 32. Rxd8 Qxd8 33. Nxa7 h6 34. Qc8 Qxc8 35. Nxc8 b5 36.
Na7 b4 37. cxb4 cxb4 38. b3 Kf7 39. Kf3 g5 40. Ke3 g4 41. Kd3 h5 42. Nc6 Bc3 43. a4 Be1 44. a5 Bf2 45. Nxb4 e5 46. Nc6 Ke6 47. b4 Kd5 48. b5 Kc5 49. Na7 f4 50. b6 fxg3 51. hxg3 Bxg3 52. Ke4 Kd6 53. Nb5+ Kd7 54. b7 h4 55. b8=Q h3 56. Qc7+ Ke6 57.
Qd6+ Kf7 58. Kf5 h2 59. Qf6+ Ke8 60. Nd6+ Kd7 61. Qe6+ Kc7 62. Ne8+ Kd8 63. Nf6 Kc7 64. Qb6+ Kc8 65. Qc6+ Kb8 66. a6 h1=Q 67. Qxh1 Kc7 68. Qb7+ Kd6 69. a7 Kc5 70. a8=Q Kd4 71. Qd8+ Ke3 72. Qe4+ Kf2 73. Nxg4+ Kf1 74. Qd1+ Be1 75. Qdxe1# 1-0